 Dungeon Crawl Stone Soup version 0.18-a0-76-g3fe7f8b (webtiles) character file.

154 Proton the Shield-Bearer (level 5, -1/49 HPs)
             Began as a Deep Dwarf Fighter on Nov 12, 2015.
             Killed by divine providence
             ... invoked by an orc priest
              (9 damage)
             ... on level 3 of the Dungeon.
             The game lasted 00:08:00 (1564 turns).

Proton the Shield-Bearer (Deep Dwarf Fighter)       Turns: 1564, Time: 00:08:00

Health: -1/49      AC: 11    Str: 21    XL:     5   Next: 13%
Magic:  5/5        EV:  6    Int:  8    God:
Gold:   53         SH:  9    Dex: 12    Spells: 0 memorised, 4 levels left

rFire  . . .     SeeInvis .     a - +0 war axe
rCold  . . .     Clarity  .     o - +0 chain mail
rNeg   . . .     SustAt   .     c - +0 shield
rPois  .         Gourm    .     t - +1 hat
rElec  .         Spirit   .     n - +0 cloak
rCorr  .         Warding  .     (no gloves)
rMut   .         Stasis   +     (no boots)
MR     .....                    m - amulet of stasis
Stlth  ..........               (no ring)
                                (no ring)

@: non-regenerating, not resistant to hostile enchantments, extremely unstealthy
A: damage resistance, recharge devices, sense surroundings 1, slow regeneration
3
a: Device Recharging


You were on level 3 of the Dungeon.
You were not hungry.

You visited 1 branch of the dungeon, and saw 3 of its levels.

You collected 53 gold pieces.

Inventory:

Hand Weapons
 a - a +0 war axe (weapon)
Armour
 c - a +0 shield (worn)
 n - a +0 cloak (worn)
 o - a +0 chain mail (worn)
 t - a +1 hat (worn)
Jewellery
 m - an amulet of stasis (around neck)
Wands
 e - a wand of heal wounds (5)
Scrolls
 b - a scroll of recharging {unknown}
 g - 5 scrolls of identify {unknown}
 h - a scroll of blinking {unknown}
 i - a scroll of magic mapping {unknown}
 p - a scroll of enchant weapon {unknown}
 q - a scroll of amnesia {unknown}
 s - a scroll of noise {unknown}
Potions
 d - a potion of might
 k - a potion of brilliance {unknown}
 l - a potion of heal wounds {unknown}
 r - a potion of ambrosia {unknown}
Comestibles
 f - 4 bread rations
 j - a meat ration


   Skills:
 + Level 3.2 Fighting
 + Level 3.0 Axes
 + Level 4.1 Armour
 + Level 2.2 Dodging
 + Level 4.2 Shields


You had 4 spell levels left.
You didn't know any spells.

Dungeon Overview and Level Annotations

Branches:
Dungeon (3/15)

Altars:
Okawaru


Innate Abilities, Weirdness & Mutations

You are resistant to damage.
You can recharge devices by infusing magical energy.
You passively map a small area around you.
You do not regenerate naturally.


Message History

Something smites you!
* * * LOW HITPOINT WARNING * * *
Your shield and chain mail prevent you from hitting the orc.
The orc hits you but does no damage.
You slash the orc!
You kill the orc!
You block the orc priest's attack.
You hit the orc priest but do no damage.
You hit the orc priest but do no damage.
The orc priest hits you but does no damage.
You closely miss the orc priest. You block the orc priest's attack.
You hit the orc priest but do no damage.
You block the orc priest's attack.
You hit the orc priest but do no damage.
The orc priest calls down the wrath of Beogh upon you.
You struggle to resist.
You hit the orc priest but do no damage.
The orc priest invokes the aid of Beogh against you.
Something smites you!
You die...

* , ** , * ,
#############
,
......o@.)..#
, ≈ *
###########.#
#.# , * * #.#
≈≈ ≈ #.# ,,≈
#.# * #.# ,
≈≈ * #.#, , <
#.#


You could see an orc priest.

Vanquished Creatures
  A giant frog skeleton (D:3)
  6 adders (D:2)
  An ooze (D:1)
  3 worms
  3 orcs (D:3)
  8 bats
  2 giant cockroaches (D:1)
  5 goblins
  8 hobgoblins
  4 jackals (D:1)
  3 quokkas (D:2)
  2 ball pythons (D:2)
  2 giant geckos (D:2)
  A giant newt (D:1)
  4 kobolds (D:1)
  8 rats
61 creatures vanquished.

Notes
Turn   | Place    | Note
--------------------------------------------------------------
     0 | D:1      | Proton the Deep Dwarf Fighter began the quest for the Orb.
     0 | D:1      | Reached XP level 1. HP: 20/20 MP: 1/1
    63 | D:1      | Reached XP level 2. HP: 27/27 MP: 2/2
   320 | D:1      | Reached skill level 1 in Dodging
   464 | D:1      | Reached XP level 3. HP: 29/33 MP: 3/3
  1057 | D:2      | Reached XP level 4. HP: 27/40 MP: 4/4
  1150 | D:2      | Reached skill level 4 in Shields
  1157 | D:2      | Found an iron altar of Okawaru.
  1453 | D:3      | Reached XP level 5. HP: 24/49 MP: 5/5
  1564 | D:3      | Killed from afar by an orc priest

Vault maps used:
D:1:      minmay_arrival_doors, amethyst_killhole
D:2:      lemuel_round_altar
D:3:      wad_lake_hut, uniq_sigmund

Action                   |  1- 3 |  4- 6 || total
-------------------------+-------+-------++-------
Melee: War axe           |   137 |    78 ||   215
  Eat: Pizza             |       |     1 ||     1
       Beef jerky        |       |     1 ||     1
